 Dungeon Crawl Stone Soup version 0.31-a0-1074-g0b22e4e0f1 (webtiles) character file.

Game seed: 7194549005602019748

49 LeprechaunX the Changeling (level 3, -2/24 HPs)
             Began as an Octopode Shapeshifter on Nov 29, 2023.
             Killed from afar by an orc wizard (11 damage)
             ... with a magic dart
             ... on level 3 of the Dungeon.
             The game lasted 00:01:21 (1985 turns).

LeprechaunX the Changeling (Octopode Shapeshifter)  Turns: 1985, Time: 00:01:21

Health: -2/24      AC:  1    Str: 13    XL:     3   Next: 77%
Magic:  3/3        EV: 17    Int: 12    God:
Gold:   119        SH:  0    Dex: 13    Spells: 2/2 levels left

rFire   . .          .
                       - Unarmed
rCold   . . .        d - +0 buckler
rNeg    . . .        (helmet currently unavailable)
rPois   .            (no amulet)
rElec   .            f - +5 ring of evasion
rCorr   .            (no ring)
SInv    .            (no ring)
Will    .....        (no ring)
Stlth   ++           (no ring)
HPRegen 0.24/turn    (no ring)
MPRegen 0.08/turn    (no ring)
                     (no ring)

%: no passive effects
@: confused, beast-form
A: beast (slay +2), almost no armour, amphibious, 8 rings, camouflage 1,
gelatinous body 1, (nimble swimmer 1), tentacles
a: Begin Untransformation


You were on level 3 of the Dungeon.
You were a hulking beast.
You visited 1 branch of the dungeon, and saw 3 of its levels.

You collected 119 gold pieces.

Inventory:

Armour
 d - a +0 buckler (worn)
Jewellery
 f - a +5 ring of evasion (left tentacle)
 m - an amulet of the acrobat
Talismans
 b - a beast talisman
 c - a flux talisman
Scrolls
 e - 3 scrolls of immolation {unknown}
 g - a scroll of torment {unknown}
 h - a scroll of acquirement {unknown}
 i - a scroll of fog {unknown}
 j - a scroll of revelation {unknown}
 k - a scroll of teleportation {unknown}
 p - a scroll of identify {unknown}
 q - a scroll of vulnerability {unknown}
Potions
 a - 2 potions of lignification
 l - a potion of brilliance {unknown}
 n - a potion of curing {unknown}
 o - a potion of mutation {unknown}


   Skills:
 + Level 1.8 Fighting
 - Level 2.0 Dodging
 + Level 3.4 Unarmed Combat
 * Level 3.7 Shapeshifting


You had 2 spell levels left.
You didn't know any spells.
Your spell library was empty.

Dungeon Overview and Level Annotations

Branches:
Dungeon (3/15)

Altars:
Okawaru


Innate Abilities, Weirdness & Mutations

You are a hulking beast.
Your limbs bulge with bestial killing power. (Slay +2)
You cannot wear most types of armour.
You are amphibious.
You can wear up to eight rings at the same time.
Your skin changes colour to match your surroundings (Stealth+).
Your rubbery body absorbs attacks. (AC +1, EV +1)
((You are camouflaged when in or above water. (Stealth+)))
You have tentacles for arms and can constrict up to eight enemies at once.


Message History

You are too injured to fight recklessly!
You are too injured to fight recklessly!
You are too injured to fight recklessly!
You are too injured to fight recklessly!
You are too injured to fight recklessly!
You are too injured to fight recklessly!
You are too injured to fight recklessly!
You are too injured to fight recklessly!
You are too injured to fight recklessly!
You are too injured to fight recklessly!
You are too injured to fight recklessly!
You are too injured to fight recklessly!
You are too injured to fight recklessly!
You are too injured to fight recklessly!
You are too injured to fight recklessly!
Unknown command.
You tentacle-slap something. Something hits you.
You tentacle-slap something. You closely miss something.
You hear some strange, mumbled words.
Something tries to affect you, but you resist.
You closely miss something. Your squeeze misses something.
You hear some strange, mumbled words.
You are confused.
You're too confused to attack without stumbling around!
You're too confused to attack without stumbling around!
You're too confused to attack without stumbling around!
You're too confused to attack without stumbling around!
You're too confused to attack without stumbling around!
You're too confused to attack without stumbling around!
You're too confused to attack without stumbling around!
You're too confused to attack without stumbling around!
You're too confused to attack without stumbling around!
You're too confused to attack without stumbling around!
You're too confused to attack without stumbling around!
You bump into the rock wall.
You hear some strange, mumbled words.
A magic dart appears from out of thin air!
The magic dart hits you!
You die...

... ####### ...
#######.....# ...
......'......
#o##########....##
#o#.#...........#
#o#....####...#.#.
#{#.#..# #....+.#.
#h#.#..# #....#.^.
#.#.#..# #.####.#.
#.#.#..###.# #.#.
#.#.#....#.# #.#
#.#.#....#.# #.##
#.#.#....#.# #...
#.#.#....#.#####..
#.#.#....#........
#.#.#...##.#######


You could see 3 orcs.

Vanquished Creatures
  A gnoll (D:1)
  2 dart slugs
  An orc (D:3)
  3 ball pythons
  2 bats (D:1)
  3 endoplasms
  3 goblins (D:1)
  2 hobgoblins
  3 jackals (D:1)
  3 kobolds
  4 quokkas
  2 frilled lizards
  2 rats (D:2)
31 creatures vanquished.

Notes
Turn   | Place    | Note
-------+----------+-------------------------------------------
     0 | D:1      | LeprechaunX the Octopode Shapeshifter began the quest for
                  | the Orb.
     0 | D:1      | Reached XP level 1. HP: 13/13 MP: 1/1
   107 | D:1      | Reached XP level 2. HP: 17/18 MP: 2/2
   321 | D:1      | Reached XP level 3. HP: 23/23 MP: 3/3
  1901 | D:3      | Found an iron altar of Okawaru.
  1985 | D:3      | Killed from afar by an orc wizard

Illustrated notes

Levels and vault maps discovered:
D:1:      sevenhm_arrival_forest_fort_large_4, layout_basic,
          hangedman_decor_riveting, nrook_campfire, hex_large
D:2:      layout_loops_corners, chequers_serial_rivers_micro_c
D:3:      layout_basic, lemuel_tele_altar, elyvilon_altar_5, grunt_ministairs_5

Action                     || total
---------------------------++-------
  Melee: Unarmed           ||    61
         Constrict         ||    13
         Tentacles         ||     7
         Punch             ||     1
   Stab: Sleeping          ||     9
 Armour: Skin              ||    19
  Dodge: Dodged            ||    34
  Block: Buckler           ||     1

Table legend: (Time is in decaauts)
 A = Elapsed time spent in this place.
 B = Non-inter-level travel time spent in this place.
 C = Inter-level travel time spent in this place.
 D = Time resting spent in this place.
 E = Time spent auto-exploring this place.
 F = Levels seen in this place.
 G = Mean time per level.
                   A        B        C        D        E       F      G
               +--------+--------+--------+--------+--------+-----+--------+
         Total |   1983 |   1877 |    106 |      0 |   1647 |   3 |  661.0 |
       Dungeon |   1983 |   1877 |    106 |      0 |   1647 |   3 |  661.0 |
               +--------+--------+--------+--------+--------+-----+--------+

Top non-repeatable levels by time:
     D:1: 957 daAuts
     D:2: 902 daAuts
     D:3: 123 daAuts
